 Dungeon Crawl Stone Soup version 0.31-a0-879-g1609e0ac53 (webtiles) character file.

Game seed: 17651614800650282469

1809072 oldriver the Conqueror (level 27, 179/179 HPs)
             Began as a Gargoyle Fighter on Oct 14, 2023.
             Was the Champion of Okawaru.
             Escaped with the Orb
             ... and 3 runes!
             The game lasted 01:50:34 (60900 turns).

oldriver the Conqueror (Gargoyle Fighter)          Turns: 60900, Time: 01:50:35

Health: 179/179    AC: 72    Str: 31    XL:     27
Magic:  28/28      EV: 12    Int: 17    God:    Okawaru [******]
Gold:   4144       SH: 10    Dex:  9    Spells: 26/26 levels left

rFire   + . .        a - +8 mithril axe "Arga" {speed, Will+}
rCold   + + .        h - +3 buckler {rF+}
rNeg    + + +        l - +11 crystal plate armour of Wedej {Fly rC+ rN+ Str-2}
rPois   ∞            u - +2 hat {SInv}
rElec   +            K - +4 dragonskin cloak
rCorr   +            f - +2 pair of gloves {Dex+3}
SInv    +            A - +2 pair of boots
Will    +++..        y - amulet of regeneration Stlth
                     P - ring of Jeifizepn {rC+ Str+6 SInv}
HPRegen 1.29/turn    n - ring of Poimih Husing {rPois rN+ rCorr MP-9 Str+2}
MPRegen 0.21/turn

%: no passive effects
@: flying, studying Shields
A: sickness immunity, AC +20, big wings, negative energy resistance 1,
electricity resistance, torment resistance 1, petrification resistance, horns 1,
clever 1, clumsy 1, deformed body, frail 1, screaming 1, weak 2, subdued magic 1
0: Orb of Zot
}: 3/15 runes: barnacled, silver, gossamer
a: Renounce Religion, Heroism, Finesse, Duel


You escaped.
You worshipped Okawaru.
Okawaru was exalted by your worship.
You visited 10 branches of the dungeon, and saw 50 of its levels.
You visited 1 bazaar.
You also visited: Bailey, Volcano and Desolation.

You collected 7091 gold pieces.
You spent 2947 gold pieces at shops.

Inventory:

Hand Weapons
 a - the +8 mithril axe "Arga" (weapon) {speed, Will+}
   (You acquired it on level 4 of the Dungeon)

   Will+:     It increases your willpower.
 b - a +9 demon whip of venom
Missiles
 o - 8 atropa-tipped darts
 F - 42 silver javelins
 Y - 9 throwing nets
Armour
 f - a +2 pair of gloves of dexterity (worn)
 h - a +3 buckler of fire resistance (worn)
 l - the +11 crystal plate armour of Wedej (worn) {Fly rC+ rN+ Str-2}
   (Okawaru gifted it to you on level 2 of the Lair of Beasts)

   Str-2:     It affects your strength (-2).
   rC+:       It protects you from cold.
   rN+:       It protects you from negative energy.
   Fly:       It grants you flight.
 u - a +2 hat of see invisible (worn)
 A - a +2 pair of boots (worn)
 K - the +4 dragonskin cloak (worn)
   (You took it off Tiamat on level 2 of the Realm of Zot)

   Avatar's Aegis: It grants the wearer a chance to resist fire, cold, poison,
   electricity, acid, and negative energy.
Jewellery
 c - the ring "Sarph" {rF+ rC+}
   (You found it in the Desolation of Salt)

   [ring of protection from fire]

   rF+:       It protects you from fire.
   rC+:       It protects you from cold.
 e - a ring of see invisible
 n - the ring of Poimih Husing (right hand) {rPois rN+ rCorr MP-9 Str+2}
   (You took it off an imperial myrmidon in the Desolation of Salt)

   [ring of positive energy]

   Str+2:     It affects your strength (+2).
   rPois:     It protects you from poison rN+: It protects you from negative
   energy.
   MP-9:      It affects your magic capacity (-9).
   rCorr:     It protects you from acid and corrosion.
 y - an amulet of regeneration (around neck)
 H - an amulet of reflection
 P - the ring of Jeifizepn (left hand) {rC+ Str+6 SInv}
   (You took it off a tengu reaver on level 5 of the Vaults)

   [ring of strength]

   Str+6:     It affects your strength (+6).
   rC+:       It protects you from cold.
   SInv:      It lets you see invisible.
 U - the ring of Biqic {rPois rF+ rC- rN+}
   (You found it on level 3 of the Crypt)

   [ring of positive energy]

   rF+:       It protects you from fire.
   rC-:       It makes you vulnerable to cold.
   rPois:     It protects you from poison rN+: It protects you from negative
   energy.
Wands
 m - a wand of paralysis (28)
 q - a wand of flame (78)
 r - a wand of polymorph (6)
 I - a wand of roots (32)
 W - a wand of acid (18)
 X - a wand of mindburst (16)
 Z - a wand of digging (2)
Scrolls
 g - 25 scrolls of teleportation
 t - 5 scrolls of fear
 v - 3 scrolls of vulnerability
 w - 5 scrolls of enchant armour
 z - 4 scrolls of amnesia
 B - 7 scrolls of revelation
 C - 8 scrolls of blinking
 E - 6 scrolls of butterflies
 G - a scroll of torment
 M - 2 scrolls of silence
 Q - 37 scrolls of identify
 R - 4 scrolls of fog
 S - 2 scrolls of enchant weapon
Potions
 d - 15 potions of might
 i - 27 potions of curing
 j - 2 potions of invisibility
 k - 7 potions of heal wounds
 s - 4 potions of ambrosia
 x - 7 potions of cancellation
 D - 2 potions of magic
 J - 4 potions of berserk rage
 L - 3 potions of lignification
 O - 5 potions of haste
 T - 2 potions of brilliance
Miscellaneous
 p - a phial of floods
 N - a lightning rod (4/4)
 V - a condenser vane (inert)


   Skills:
 O Level 27 Fighting
 - Level 18.0 Axes
 - Level 15.2 Throwing
 + Level 26.5 Armour
 - Level 14.0 Dodging
 - Level 16.4 Stealth
 - Level 15.0 Shields
 + Level 21.2 Invocations
 - Level 11.0 Evocations


You had 26 spell levels left.
You didn't know any spells.
Your spell library contained the following spells:

 Spells                   Type           Power      Damage    Failure   Level
 Apportation              Tloc           0%         N/A       75%         1
 Foxfire                  Conj/Fire      0%         2x1d4     75%         1
 Necrotise                Necr           0%         1d4       75%         1
 Sandblast                Erth           0%         2d4       75%         1
 Shock                    Conj/Air       0%         1d3       75%         1
 Sting                    Tmut/Pois      0%         1d3       75%         1
 Blink                    Tloc           0%         N/A       87%         2
 Jinxbite                 Hex            0%         N/A       87%         2
 Lesser Beckoning         Tloc           0%         N/A       87%         2
 Passwall                 Tmut/Erth      0%         N/A       87%         2
 Poisonous Vapours        Pois/Air       0%         N/A       87%         2
 Scorch                   Fire           0%         2d5       87%         2
 Static Discharge         Conj/Air       0%         2-2/arc   87%         2
 Wereblood                Tmut           0%         N/A       87%         2
 Dazzling Flash           Conj/Hex       0%         N/A       98%         3
 Frozen Ramparts          Ice            0%         1d1       98%         3
 Gell's Gravitas          Tloc           0%         N/A       98%         3
 Hailstorm                Conj/Ice       0%         3d3       98%         3
 Ignite Poison            Fire/Tmut/Pois 0%         N/A       98%         3
 Inner Flame              Hex/Fire       0%         N/A       98%         3
 Ozocubu's Armour         Ice            0%         N/A       98%         3
 Stone Arrow              Conj/Erth      0%         3d7       98%         3
 Swiftness                Air            0%         N/A       98%         3
 Teleport Other           Tloc           0%         N/A       98%         3
 Vampiric Draining        Necr           0%         2d6       98%         3
 Volatile Blastmotes      Fire/Tloc      0%         2d10      98%         3
 Airstrike                Air            0%         2d(0-16)  100%        4
 Anguish                  Hex/Necr       0%         N/A       100%        4
 Brom's Barrelling Bould  Conj/Erth      0%         2d3       100%        4
 Flame Wave               Conj/Fire      0%         2d4       100%        4
 Iskenderun's Mystic Bla  Conj/Tloc      0%         2d3       100%        4
 Leda's Liquefaction      Hex/Erth       0%         N/A       100%        4
 Manifold Assault         Tloc           0%         N/A       100%        4
 Olgreb's Toxic Radiance  Pois           0%         N/A       100%        4
 Passage of Golubria      Tloc           0%         N/A       100%        4
 Petrify                  Tmut/Erth      0%         N/A       100%        4
 Vhi's Electric Charge    Tloc/Air       0%         N/A       100%        4
 Agony                    Necr           0%         N/A       100%        5
 Alistair's Intoxication  Tmut/Pois      0%         N/A       100%        5
 Arcjolt                  Conj/Air       0%         1d10      100%        5
 Borgnjor's Vile Clutch   Necr/Erth      0%         N/A       100%        5
 Fireball                 Conj/Fire      0%         3d3       100%        5
 Freezing Cloud           Conj/Ice/Air   0%         6-21      100%        5
 Irradiate                Conj/Tmut      0%         3d11      100%        5
 Iskenderun's Battlesphe  Conj           0%         2d6       100%        5
 Lee's Rapid Deconstruct  Erth           0%         3d4*      100%        5
 Metabolic Englaciation   Hex/Ice        0%         N/A       100%        5
 Silence                  Hex/Air        0%         N/A       100%        5
 Yara's Violent Unravell  Hex/Tmut       0%         3d3       100%        5
 Bombard                  Conj/Erth      0%         9d1       100%        6
 Conjure Ball Lightning   Conj/Air       0%         3x3d6     100%        6
 Dispersal                Tloc           0%         N/A       100%        6
 Eringya's Noxious Bog    Tmut/Pois      0%         4d6       100%        6
 Plasma Beam              Fire/Air       0%         2x1d10    100%        6
 Starburst                Conj/Fire      0%         6d3       100%        6
 Enfeeble                 Hex            0%         N/A       100%        7
 Orb of Destruction       Conj           0%         9d5       100%        7
 Ozocubu's Refrigeration  Ice            0%         4d7       100%        7
 Borgnjor's Revivificati  Necr           0%         N/A       100%        8
 Disjunction              Tloc           0%         N/A       100%        8
 Lehudib's Crystal Spear  Conj/Erth      0%         10d2      100%        8
 Maxwell's Capacitive Co  Air            0%         ∞         100%        8
 Death's Door             Necr           0%         N/A       100%        9
 Polar Vortex             Ice            0%         N/A       100%        9
 Cigotuvi's Dreadful Rot  Necr/Pois/Air  Unusable   N/A       N/A         2
 Tukima's Dance           Hex            Unusable   N/A       N/A         3
 Animate Dead             Necr           Unusable   N/A       N/A         4
 Summon Ice Beast         Ice/Summ       Unusable   N/A       N/A         4
 Summon Lightning Spire   Summ/Air       Unusable   N/A       N/A         4
 Simulacrum               Ice/Necr       Unusable   N/A       N/A         6
 Summon Cactus Giant      Summ           Unusable   N/A       N/A         6
 Haunt                    Necr/Summ      Unusable   N/A       N/A         7

Dungeon Overview and Level Annotations

Branches:
Dungeon (15/15)            Temple (0/1) D:4            Lair (5/5) D:8
 Shoals (4/4) Lair:3       Spider (4/4) Lair:2        Slime (0/5) Lair:5
    Orc (2/2) D:12            Elf (3/3) Orc:2        Vaults (5/5) D:14
  Crypt (3/3) Vaults:3       Tomb (0/3) Crypt:3      Depths (4/4) D:15
    Zot (5/5) Depths:4     Bailey (visited)         Volcano (visited)
Desolation (visited)

Altars:
Dithmenos
Fedhas
Gozag
Kikubaaqudgha
Okawaru
Ru
Sif Muna
Trog
Uskayaw
Xom
Yredelemnul
Jiyva

Shops:
Orc:2 *!=[!   Elf:2 **[   Shoals:2 [   Vaults:3 (   Vaults:5 ?   Depths:2 (

Portals:
Hell: Depths:1 Depths:2 Depths:3 Depths:4
Abyss: Depths:3
Pandemonium: Depths:1 Depths:2 Depths:3 Depths:4
Ziggurat: Depths:2

Annotations:
D:8 3 runed translucent doors, hikkokomori's ghost, journeyman HuHu
D:10 exclusion: obsidian statue
Lair:4 1 runed translucent door, TheSexyCheese's ghost, journeyman DEFE
Shoals:1 1 runed translucent door, tinfoiltophat's ghost, adept DjFE
Elf:2 3 runed translucent doors
Zot:4 2 transporters


Innate Abilities, Weirdness & Mutations

You are immune to sickness and miasma.
Your stone body is resilient. (AC +20)
You are immune to poison.
Your large and strong wings let you fly.
You resist negative energy. (rN+)
You are resistant to electric shocks. (rElec)
You are resistant to unholy torment.
You are immune to petrification.
You have a pair of small horns on your head.
Your mind is acute. (Int +4, Str/Dex -1)
You are clumsy. (Dex -2)
Armour fits poorly on your strangely shaped body.
You are frail. (-10% HP)
You occasionally shout uncontrollably at your foes.
You are very weak. (Str -4)
Your spells are a little easier to cast, but a little less powerful.


Message History

You kill the shadow demon!
Okawaru accepts your kill.
The orc warrior dissolves into shadows!
The orc dissolves into shadows!
The orc wizard dissolves into shadows!
The orc dissolves into shadows!
The steam dragon dissolves into shadows! x2
There is a stone staircase leading up here.
You fly upwards.
There is a stone staircase leading down here.
What level of the Dungeon? (default 1, ? - help)
A glowing orange brain comes into view.
The glowing orange brain moves out of view.
There is a stone staircase leading up here.
You fly upwards.
There is a stone staircase leading down here.
What level of the Dungeon? (default 1, ? - help)
You see here 6 stones.
There is a stone staircase leading up here.
You fly upwards.
There is a stone staircase leading down here.
There is a stone staircase leading up here.
You fly upwards.
There is a stone staircase leading down here.
There is a stone staircase leading up here.
You fly upwards.
There is a stone staircase leading down here.
You see here a +0 scale mail.
There is a stone staircase leading up here.
You fly upwards.
There is a stone staircase leading down here.
There is a stone staircase leading up here.
You fly upwards.
There is a stone staircase leading down here.
Okay, then.
You yell at the demonspawn blood saint!
A demonspawn blood saint comes into view.
It is wielding a +0 dagger.
The demonspawn blood saint moves out of view.
There is an open door here.
There is an open door here.
There is a staircase leading out of the dungeon here.
You have escaped!

###### ##
###....###############.
##..........##...#......
####....#####...###.....###
#....####...####.....####..
#..###.........###'###.....
#..#......@......6.'......⌠
#..###.........###'###.....
#....####...####.....####..
#.......#####...........###
##................#..##....
#.....###...#.........##...
#.##### ########..###.###..
### #####.# ######. #....6#
#......


You could see a demonspawn warmonger (reflecting).

Vanquished Creatures
  4 dread liches
  Tiamat (Zot:2)
  4 orbs of fire
  5 ancient liches
  Mara (Elf:3)
  Sojobo (Depths:4)
  Bai Suzhen (Crypt:3)
  Frederick (Depths:4)
  6 Killer Klowns
  11 golden dragons
  Jory (Crypt:3)
  Nikola (Elf:1)
  A profane servitor (Crypt:3)
  2 bone dragons
  Jorgrun (Orc:1)
  2 electric golems (Zot:5)
  A shard shrike zombie (Crypt:2)
  4 liches
  A Hell Sentinel (D:10)
  A walking crystal tome (Depths:3)
  15 tentacled monstrosities
  Zenata (Crypt:2)
  26 Orb Guardians
  Mlioglotl (Shoals:2)
  2 titans
  9 quicksilver dragons
  2 deep elf master archers (Elf:3)
  A kraken (Shoals:1)
  Agnes (Spider:2)
  2 deep elf blademasters (Elf:3)
  4 death cobs
  5 ancient champions
  11 shadow dragons
  4 sphinxes
  8 storm dragons
  4 draconian monks
  8 tengu reavers
  Donald (Spider:4)
  2 revenants
  5 fire giants
  4 imperial myrmidons (Desolation)
  15 vault wardens
  3 draconian knights
  8 frost giants
  3 deep elf elementalists (Elf:3)
  5 deep elf sorcerers
  4 draconian scorchers
  4 ghouls
  2 orc warlords
  5 emperor scorpions
  3 curse skulls
  An iron dragon (Vaults:5)
  Louise (Elf:3)
  A balrug (Depths:3)
  3 draconian shifters
  8 draconian stormcallers
  8 ghost moths
  3 formless jellyfish
  6 war gargoyles
  14 stone giants
  20 ironbound preservers
  A spriggan defender (Depths:3)
  4 draconian annihilators
  2 caustic shrike skeletons (Depths:2)
  11 very ugly things
  The ghost of Joey1 the Severer, a journeyman MiBe of Trog (Orc:2)
  2 juggernaut skeletons (Depths:2)
  5 vampire knights
  2 black draconians (Zot:2)
  A lorocyproca (Depths:1)
  9 white draconians
  7 green draconians
  8 ironbound thunderhulks
  Azrael (D:14)
  9 deep elf annihilators
  4 deep elf demonologists
  13 dire elephants
  2 halazid warlocks (Desolation)
  18 red draconians
  14 purple draconians
  11 yellow draconians
  11 spark wasps
  3 eidola (Crypt:1)
  4 crystal guardians
  6 entropy weavers
  3 fire dragons
  8 great orbs of eyes
  15 merfolk impalers
  A green death (Depths:2)
  5 merfolk javelineers
  5 ettins
  5 deep elf death magi
  A spriggan zombie (Depths:3)
  27 jiangshi
  12 ragged hierophants (Desolation)
  11 deep elf high priests
  Josephine (Lair:4)
  30 vault guards
  4 quicksilver dragon skeletons
  8 yaktaur captains
  Fannar (Orc:1)
  12 peacekeepers
  An ice dragon (Depths:2)
  4 hydras
  14 ironbound frosthearts
  A catoblepas (Lair:5)
  Erolcha (Orc:1)
  2 rakshasas (Depths:3)
  7 servants of whispers (Desolation)
  4 ogre magi
  5 merfolk avatars
  16 two-headed ogres
  7 boulder beetles
  A spriggan air mage (Depths:4)
  2 satyrs (Shoals:4)
  2 Orb Guardian zombies (Crypt:1)
  27 centaur warriors
  A spriggan skeleton (Depths:2)
  21 dancing weapons
  4 demonic crawlers
  2 alligator snapping turtles (Shoals:4)
  4 radroaches
  11 death yaks
  2 anacondas (shapeshifter)
  4 merfolk aquamancers
  14 deep troll earth magi
  4 deep troll shamans
  3 death knights
  5 vampire magi
  3 spriggan berserkers
  5 tengu warriors
  A quicksilver ooze zombie (Crypt:2)
  5 orc high priests (Orc:2)
  4 hell hogs
  A titan zombie (Depths:3)
  4 soul eaters
  13 hell knights
  3 titan skeletons
  Sonja (D:11)
  6 deep elf knights
  3 iron trolls
  6 sun demons
  4 shadow wraiths (Crypt:3)
  A sun moth (Spider:1)
  A fire crab (shapeshifter) (D:13)
  5 skysharks
  2 sixfirhies
  A glowing orange brain (Vaults:3)
  48 skeletal warriors
  14 sea snakes
  A salamander mystic (Depths:3)
  6 flayed ghosts
  78 deep trolls
  12 orb spiders
  2 storm dragon skeletons
  2 shadow demons
  11 lindwurms
  A swamp dragon (shapeshifter) (Vaults:1)
  6 pharaoh ants
  8 deep elf archers
  9 steelbarb worms
  An orange crystal statue (Shoals:3)
  12 wizards
  A spriggan simulacrum (Crypt:3)
  7 necromancers
  5 golden dragon skeletons (Depths:2)
  A wolf spider (shapeshifter) (Vaults:5)
  A bog body (Crypt:2)
  15 ironbound convokers
  8 orc knights
  10 phantasmal warriors
  14 deep elf zephyrmancers
  20 deep elf pyromancers
  26 harpies
  An orc sorcerer (Orc:2)
  A human zombie (Vaults:3)
  4 fauns
  2 tengu skeletons (Depths:2)
  A shining eye (shapeshifter) (Vaults:1)
  35 ugly things
  13 manticores
  A cyclops (shapeshifter) (Vaults:5)
  6 cyclopes
  17 wolf spiders
  A stone giant zombie (Vaults:2)
  3 salamanders (Depths:3)
  An iron dragon skeleton (Depths:2)
  2 frost giant skeletons (Depths:2)
  A frost giant zombie (Depths:3)
  3 stone giant skeletons
  An ice statue (D:9)
  33 moths of wrath
  A rust devil (Depths:2)
  A molten gargoyle (Volcano)
  12 vault sentinels
  22 elephants
  5 water nymphs
  4 black mambas
  8 merfolk sirens
  An orange demon (Depths:1)
  A fire giant skeleton (Depths:2)
  7 guardian serpents (Desolation)
  11 smoke demons
  4 torpor snails
  A cane toad (shapeshifter) (Vaults:5)
  A gargoyle (D:13)
  Jeremiah (D:6)
  16 cane toads
  2 hellions
  2 unseen horrors
  An unseen horror zombie (D:8)
  Maggie (Lair:2)
  33 yaktaurs
  6 kobold demonologists
  4 ice devils
  2 rime drakes (Lair:3)
  An efreet (D:14)
  A tormentor (Depths:4)
  12 komodo dragons
  3 freezing wraiths
  A red devil (Depths:4)
  4 tengu conjurers
  10 trolls
  33 merfolk
  A spectral harpy (Crypt:3)
  A hellwing (Depths:3)
  10 hornets
  6 polar bears
  7 meliai
  23 tarantellas
  13 wind drakes
  A raiju (shapeshifter) (Vaults:5)
  55 saltlings (Desolation)
  4 dream sheep (Lair:3)
  11 blink frogs
  3 human simulacra
  A dream sheep (shapeshifter) (D:13)
  11 snapping turtles
  14 slime creatures
  An ettin zombie (Vaults:2)
  A stone giant simulacrum (Crypt:3)
  An ettin skeleton (Crypt:1)
  62 flying skulls
  20 jumping spiders
  16 culicivoras
  5 shadows
  3 ynoxinuls
  4 air elementals
  4 wyverns
  A vampire (D:13)
  9 spriggans
  14 water elementals
  2 large abominations (Elf:1)
  16 wraiths
  4 fire elementals
  A black mamba skeleton (Crypt:1)
  57 yaks
  A neqoxec (Depths:3)
  A steam dragon (Bailey)
  4 basilisks
  10 fire bats
  A chaos spawn (Depths:3)
  2 redbacks (shapeshifter) (Vaults:5)
  38 redbacks
  A vampire mosquito (D:13)
  2 wargs (Orc:2)
  A harpy simulacrum (Crypt:3)
  An ogre zombie (Vaults:2)
  An acid dragon (D:9)
  A demonspawn skeleton (Crypt:1)
  12 water moccasins
  Duvessa (D:5)
  4 human skeletons
  4 small abominations (Crypt:3)
  Pargi (D:4)
  7 hell hounds
  An ice beast (D:7)
  2 sky beasts
  2 black bears
  4 glowing shapeshifter skeletons
  27 orc warriors
  18 ogres
  22 centaurs
  31 wolves
  An elephant skeleton (Crypt:2)
  4 phantoms
  A draconian zombie (Crypt:2)
  8 kobold brigands
  6 elf zombies
  18 bullfrogs
  A draconian skeleton (Crypt:2)
  5 earth elementals
  5 necrophages
  A wyvern zombie (D:8)
  A glowing shapeshifter simulacrum (Vaults:3)
  2 gnoll sergeants
  6 scorpions
  11 wights
  Dowan (D:5)
  A cyclops zombie (Crypt:2)
  A water moccasin skeleton (Crypt:1)
  A yak zombie (Crypt:2)
  A shapeshifter skeleton (Crypt:2)
  3 electric eels
  A wolf zombie (Crypt:1)
  7 lava snakes
  15 jellies
  A hound (D:3)
  28 orc priests
  A gnoll bouda (D:7)
  A sleepcap (D:6)
  Ijyb (D:5)
  14 orc wizards
  Terence (D:3)
  8 adders
  19 gnolls
  A steam dragon skeleton (Crypt:1)
  A white imp (D:8)
  An ufetubus (D:7)
  2 worms (D:4)
  A dart slug (D:1)
  68 orcs
  3 bats
  6 endoplasms
  An endoplasm (shapeshifter) (Vaults:5)
  3 giant cockroaches (D:2)
  3 hobgoblins
  12 jackals
  25 kobolds
  2 quokkas (D:2)
  6 ball pythons
  3 frilled lizards
  7 goblins
  7 rats
  A spectral weapon (Zot:5)
  4 tentacles (Shoals:1)
2390 creatures vanquished.

Vanquished Creatures (others)
  A draconian knight (Zot:5)
  An ettin (Vaults:5)
  A pharaoh ant (Spider:3)
  A deep elf archer (Elf:1)
  A wizard (Depths:3)
  An orange demon (Depths:4)
  A human (D:6)
  3 tentacles (Shoals:1)
10 creatures vanquished.

Grand Total: 2400 creatures vanquished

Notes
Turn   | Place    | Note
-------+----------+-------------------------------------------
     0 | D:1      | oldriver the Gargoyle Fighter began the quest for the Orb.
     0 | D:1      | Reached XP level 1. HP: 14/14 MP: 1/1
   111 | D:1      | Reached XP level 2. HP: 17/19 MP: 2/2
   308 | D:1      | Reached XP level 3. HP: 21/24 MP: 3/3
   454 | D:1      | Found a faded altar of an unknown god.
   929 | D:2      | Reached skill level 4 in Fighting
  1185 | D:2      | Reached XP level 4. HP: 28/29 MP: 4/4
  1517 | D:3      | Noticed Terence
  1525 | D:3      | Killed Terence
  1708 | D:3      | Reached XP level 5. HP: 34/34 MP: 5/5
  2567 | D:4      | Reached XP level 6. HP: 40/40 MP: 6/6
  2603 | D:4      | Reached skill level 5 in Fighting
  2743 | D:4      | Found a sacrificial altar of Ru.
  2744 | D:4      | Found an iron altar of Okawaru.
  2746 | D:4      | Identified the +3 plate armour of Qazlal's Anger {Str+3}
  2760 | D:4      | Found a shimmering altar of Xom.
  2762 | D:4      | Found an opulent altar of Gozag.
  2764 | D:4      | Found a hide-covered altar of Uskayaw.
  2773 | D:4      | Reached skill level 5 in Axes
  2778 | D:4      | Became a worshipper of Warmaster Okawaru
  2819 | D:4      | Reached skill level 1 in Invocations
  2819 | D:4      | Reached XP level 7. HP: 43/44 MP: 7/7
  2863 | D:4      | Found a staircase to the Ecumenical Temple.
  2876 | D:4      | Noticed Pargi
  2889 | D:4      | Killed Pargi
  3038 | D:4      | Reached * piety under Okawaru
  3722 | D:5      | Entered Level 5 of the Dungeon
  3757 | D:5      | Noticed Ijyb
  3761 | D:5      | Killed Ijyb
  3786 | D:5      | Noticed Duvessa
  3786 | D:5      | Noticed Dowan
  3796 | D:5      | Killed Dowan
  3797 | D:5      | Reached skill level 6 in Fighting
  3801 | D:5      | Killed Duvessa
  3802 | D:5      | Reached XP level 8. HP: 29/51 MP: 8/10
  4017 | D:5      | Reached ** piety under Okawaru
  4227 | D:4      | Identified a scroll of acquirement
  4227 | D:4      | Acquired the +8 mithril axe "Arga" {speed, Will+}
  4227 | D:4      | Found the +8 mithril axe "Arga" {speed, Will+}
  4601 | D:6      | Noticed Jeremiah
  4631 | D:6      | Killed Jeremiah
  4632 | D:6      | Reached skill level 7 in Fighting
  4739 | D:6      | Reached *** piety under Okawaru
  4745 | D:6      | Reached XP level 9. HP: 52/57 MP: 12/12
  4857 | D:6      | Reached skill level 8 in Fighting
  5395 | D:6      | Found an ancient bone altar of Kikubaaqudgha.
  5504 | D:7      | Reached **** piety under Okawaru
  5604 | D:7      | Reached skill level 1 in Dodging
  5733 | D:8      | Found a staircase to the Lair.
  6020 | D:8      | Reached XP level 10. HP: 52/65 MP: 13/13
  6090 | D:8      | Found a runed translucent gate.
  6090 | D:8      | Found a runed translucent gate.
  6090 | D:8      | Found a runed translucent gate.
  6090 | D:8      | Noticed hikkokomori's ghost (journeyman HuHu)
  6092 | D:8      | Found a basalt altar of Yredelemnul.
  6099 | D:8      | Reached skill level 9 in Fighting
  6167 | D:8      | Found the +5 Lochaber axe {reach-cleave, Poleaxe Drain}
  6171 | D:8      | Reached skill level 10 in Axes
  6171 | D:8      | Reached ***** piety under Okawaru
  6407 | Lair:1   | Entered Level 1 of the Lair of Beasts
  6417 | Lair:1   | Received a gift from Okawaru
  6498 | Lair:1   | Noticed a cane toad
  6504 | Lair:1   | Killed a cane toad
  6544 | Lair:1   | Noticed a torpor snail
  6544 | Lair:1   | Noticed a cane toad
  6544 | Lair:1   | Noticed a black mamba
  6560 | Lair:1   | Reached skill level 10 in Fighting
  6615 | Lair:1   | Killed a black mamba
  6642 | Lair:1   | Noticed a death yak
  6658 | Lair:1   | Noticed a death yak
  6665 | Lair:1   | Killed a death yak
  6666 | Lair:1   | Reached XP level 11. HP: 72/73 MP: 11/14
  6670 | Lair:1   | Killed a death yak
  6757 | Lair:1   | Received a gift from Okawaru
  6774 | Lair:1   | Reached skill level 11 in Fighting
  7115 | Lair:1   | Received a gift from Okawaru
  7519 | Lair:1   | Reached skill level 12 in Fighting
  7528 | Lair:1   | Reached XP level 12. HP: 62/81 MP: 15/15
  7535 | Lair:1   | Received a gift from Okawaru
  7925 | Lair:2   | Found a hole to the Spider Nest.
  8102 | Lair:2   | Noticed Maggie
  8117 | Lair:2   | Killed Maggie
  8117 | Lair:2   | Received a gift from Okawaru
  8331 | Lair:2   | Noticed a six-headed hydra
  8338 | Lair:2   | Killed a six-headed hydra
  8620 | Lair:2   | Reached skill level 13 in Fighting
  9008 | Lair:3   | Reached ****** piety under Okawaru
  9009 | Lair:3   | Reached skill level 15 in Axes
  9014 | Lair:2   | Acquired the +11 crystal plate armour of Wedej {Fly rC+ rN+
                  | Str-2}
  9014 | Lair:2   | Received a gift from Okawaru
  9064 | Lair:3   | Noticed a death yak
  9064 | Lair:3   | Noticed a death yak
  9065 | Lair:3   | Noticed a four-headed hydra
  9065 | Lair:3   | Noticed a death yak
  9082 | Lair:3   | Noticed a death yak
  9085 | Lair:3   | Noticed a death yak
  9086 | Lair:3   | Killed a four-headed hydra
  9086 | Lair:3   | Received a gift from Okawaru
  9087 | Lair:3   | Reached XP level 13. HP: 53/88 MP: 13/16
  9128 | Lair:3   | Found a dark tunnel.
  9135 | Volcano  | Entered a volcano
  9249 | Volcano  | Reached skill level 5 in Invocations
  9256 | Volcano  | Reached skill level 5 in Armour
  9426 | Volcano  | Noticed a red draconian
  9455 | Volcano  | Killed a red draconian
  9455 | Volcano  | Received a gift from Okawaru
  9464 | Volcano  | Reached skill level 14 in Fighting
  9481 | Volcano  | Found a burning altar of Makhleb.
  9822 | Lair:3   | Noticed a dire elephant
  9845 | Lair:3   | Killed a dire elephant
  9845 | Lair:3   | Received a gift from Okawaru
 10057 | Lair:3   | Gained mutation: Your large and strong wings let you fly.
                  | [Gargoyle growth]
 10057 | Lair:3   | Reached XP level 14. HP: 94/96 MP: 17/19
 10067 | Lair:3   | Found a staircase to the Shoals.
 10069 | Lair:3   | Received a gift from Okawaru
 10752 | Lair:3   | Identified the +3 leather armour of Ceimm {rF+}
 11064 | Lair:4   | Found a runed translucent door.
 11064 | Lair:4   | Found a shimmering altar of Xom.
 11064 | Lair:4   | Noticed TheSexyCheese's ghost (journeyman DEFE)
 11188 | Lair:4   | Noticed Josephine
 11200 | Lair:4   | Killed Josephine
 11200 | Lair:4   | Received a gift from Okawaru
 11767 | Lair:5   | Entered Level 5 of the Lair of Beasts
 11815 | Lair:5   | Identified the +5 quarterstaff "Loodat" {freeze, rPois
                  | Stlth+}
 12132 | Lair:5   | Reached skill level 15 in Fighting
 12307 | Lair:5   | Received a gift from Okawaru
 12492 | Lair:5   | Noticed a dire elephant
 12725 | Lair:5   | Killed a dire elephant
 12924 | Lair:5   | Found a staircase to the Slime Pits.
 12944 | Lair:5   | Found a viscous altar of Jiyva.
 13076 | Lair:5   | Identified the +8 battleaxe of Tois {speed, Dex+3}
 13858 | D:9      | Acquired a +1 hat of see invisible
 13874 | D:9      | Found a shadowy altar of Dithmenos.
 13948 | D:9      | Found a flagged portal.
 13956 | Bailey   | Entered a bailey
 14015 | Bailey   | Received a gift from Okawaru
 14419 | D:9      | Acquired a +2 broad axe of flaming
 14419 | D:9      | Received a gift from Okawaru
 14433 | D:9      | Reached XP level 15. HP: 103/103 MP: 21/21
 14574 | D:9      | Identified the +7 scimitar "Wumaliar" {drain, rC+}
 14721 | D:9      | Found a shimmering blue altar of Sif Muna.
 14740 | D:9      | Got a levitating book
 15035 | D:10     | Entered Level 10 of the Dungeon
 15062 | D:10     | Found a bloodstained altar of Trog.
 15533 | D:10     | Identified the +2 orcbow of Insufficient Pleasure {heavy,
                  | rF- Str+7}
 15950 | D:11     | Received a gift from Okawaru
 15975 | D:11     | Noticed Sonja
 15988 | D:11     | Killed Sonja
 16886 | D:12     | Found a staircase to the Orcish Mines.
 17191 | Orc:1    | Entered Level 1 of the Orcish Mines
 17191 | Orc:1    | Noticed Fannar
 17203 | Orc:1    | Noticed Jorgrun
 17211 | Orc:1    | Reached skill level 16 in Fighting
 17211 | Orc:1    | Killed Fannar
 17212 | Orc:1    | Reached skill level 10 in Armour
 17368 | Orc:1    | Killed Jorgrun
 17427 | Orc:1    | Noticed Erolcha
 17433 | Orc:1    | Killed Erolcha
 17820 | Orc:2    | Entered Level 2 of the Orcish Mines
 17820 | Orc:2    | Noticed Joey1's ghost (journeyman MiBe)
 17820 | Orc:2    | Found a runed translucent door.
 18011 | Orc:2    | Found Canerche's General Store.
 18019 | Orc:2    | Bought a scroll of fog for 48 gold pieces
 18019 | Orc:2    | Bought a scroll of poison for 48 gold pieces
 18068 | Orc:2    | Found a staircase to the Elven Halls.
 18531 | Orc:2    | Received a gift from Okawaru
 18769 | Orc:2    | Found Goisic's Distillery.
 18769 | Orc:2    | Found Usuff's Antique Armour Emporium.
 18770 | Orc:2    | Found Iklarch's Jewellery Shoppe.
 18770 | Orc:2    | Found Epraf's Distillery.
 18777 | Orc:2    | Bought a potion of heal wounds for 65 gold pieces
 18780 | Orc:2    | Bought a potion of haste for 140 gold pieces
 18780 | Orc:2    | Bought a potion of heal wounds for 70 gold pieces
 18780 | Orc:2    | Bought a potion of heal wounds for 70 gold pieces
 18781 | Orc:2    | Bought a pair of glowing gloves for 247 gold pieces
 19033 | D:13     | Received a gift from Okawaru
 19076 | D:13     | Reached XP level 16. HP: 112/112 MP: 22/22
 19125 | D:13     | Reached skill level 17 in Fighting
 19360 | D:13     | Received a gift from Okawaru
 19975 | D:14     | Noticed Azrael
 20016 | D:14     | Killed Azrael
 20017 | D:14     | Reached skill level 10 in Invocations
 20301 | D:14     | Found a gate to the Vaults.
 20321 | D:14     | Received a gift from Okawaru
 20694 | D:15     | Entered Level 15 of the Dungeon
 20810 | D:15     | Found a staircase to the Depths.
 21051 | D:15     | Received a gift from Okawaru
 21052 | D:15     | Reached skill level 18 in Fighting
 21928 | Shoals:1 | Entered Level 1 of the Shoals
 22177 | Shoals:1 | Found a runed translucent door.
 22177 | Shoals:1 | Noticed tinfoiltophat's ghost (adept DjFE)
 22186 | Shoals:1 | Reached XP level 17. HP: 120/120 MP: 25/25
 22239 | Shoals:1 | Received a gift from Okawaru
 22684 | Shoals:1 | Noticed a kraken
 22700 | Shoals:1 | Killed a kraken
 23041 | Shoals:2 | Reached skill level 19 in Fighting
 23205 | Shoals:2 | Received a gift from Okawaru
 23235 | Shoals:2 | Noticed Mlioglotl
 23261 | Shoals:2 | Noticed a tentacled starspawn
 23277 | Shoals:2 | Killed Mlioglotl
 23634 | Shoals:2 | Reached skill level 15 in Armour
 23710 | Shoals:2 | Found Teeniwug's Armour Boutique.
 23885 | Shoals:2 | Bought a +0 buckler of fire resistance for 184 gold pieces
 24054 | Shoals:3 | Reached skill level 1 in Throwing
 24155 | Shoals:3 | Received a gift from Okawaru
 24454 | Shoals:3 | Found a transporter.
 24826 | Shoals:3 | Found a transporter.
 24882 | Shoals:4 | Entered Level 4 of the Shoals
 25390 | Shoals:4 | Received a gift from Okawaru
 25530 | Shoals:4 | Reached XP level 18. HP: 90/129 MP: 26/26
 25648 | Shoals:4 | Identified the +1 plate armour of the Circus Animal {*Slow
                  | +Inv Will+}
 25932 | Shoals:4 | Reached skill level 20 in Fighting
 25985 | Shoals:4 | Received a gift from Okawaru
 26034 | Shoals:4 | Reached skill level 5 in Throwing
 26034 | Shoals:4 | Reached XP level 19. HP: 134/135 MP: 27/27
 26487 | Shoals:4 | Got a barnacled rune of Zot
 26636 | Spider:1 | Entered Level 1 of the Spider Nest
 26808 | Spider:1 | Identified the scarf of Death Resistance {repulsion, rF+
                  | Will+}
 27482 | Spider:1 | Received a gift from Okawaru
 27987 | Spider:2 | Noticed Agnes
 28001 | Spider:2 | Killed Agnes
 28565 | Spider:3 | Reached skill level 5 in Shields
 28695 | Spider:2 | Acquired a manual of Dodging
 28757 | Spider:3 | Received a gift from Okawaru
 28762 | Spider:3 | Reached skill level 5 in Dodging
 29290 | Spider:4 | Entered Level 4 of the Spider Nest
 29478 | Spider:4 | Noticed Donald
 29488 | Spider:4 | Killed Donald
 29489 | Spider:4 | Reached XP level 20. HP: 123/142 MP: 26/28
 29518 | Spider:4 | Reached skill level 21 in Fighting
 29567 | Spider:4 | Received a gift from Okawaru
 30489 | Spider:4 | Got a gossamer rune of Zot
 30983 | Depths:1 | Entered Level 1 of the Depths
 30996 | Depths:1 | Received a gift from Okawaru
 31084 | Depths:1 | Found a gateway to Hell.
 31117 | Depths:1 | Found a hide-covered altar of Uskayaw.
 31432 | Depths:1 | Found a bloodstained altar of Trog.
 31477 | Depths:1 | Received a gift from Okawaru
 31478 | Depths:1 | Reached skill level 10 in Dodging
 31481 | Depths:1 | Found a one-way gate leading to the halls of Pandemonium.
 31526 | Depths:1 | Found a flickering gateway to a bazaar.
 31545 | Bazaar   | Entered a bazaar
 31547 | Bazaar   | Found Saepak's Weapon Boutique.
 31551 | Bazaar   | Found Oryguhech's Magic Scroll Boutique.
 31551 | Bazaar   | Found Horexepn's Antique Weapon Boutique.
 31552 | Bazaar   | Found Zynoynan's Book Boutique.
 31562 | Bazaar   | Bought a scroll of teleportation for 42 gold pieces
 31567 | Bazaar   | Bought an iridescent flail for 229 gold pieces
 31567 | Bazaar   | Identified the +2 flail "Arbiter" {drain, rC+ Str+3 Int-2}
                  | (You bought it in a shop in a bazaar)
 32076 | Depths:2 | Found a blossoming altar of Fedhas.
 32391 | Depths:2 | Received a gift from Okawaru
 32413 | Depths:2 | Identified the +4 orcbow of the Dwarven Hall {flame, Will-
                  | Dex+3}
 32419 | Depths:2 | Identified the staff "Xenguele" {rElec Dex+4 Necro Air}
 32594 | Depths:2 | Reached XP level 21. HP: 85/150 MP: 27/29
 32776 | Depths:2 | Got a parchment book
 32964 | Depths:2 | Received a gift from Okawaru
 32965 | Depths:2 | Reached skill level 22 in Fighting
 33143 | Depths:2 | Noticed an ancient lich
 33144 | Depths:2 | Noticed a dread lich
 33145 | Depths:2 | Found a one-way gateway to a ziggurat.
 33226 | Depths:2 | Found Egebiw's Weapon Emporium.
 35114 | Depths:2 | Received a gift from Okawaru
 35248 | Depths:3 | Found a one-way gate to the infinite horrors of the Abyss.
 35525 | Depths:3 | Got an exquisite book
 35608 | Depths:3 | Noticed a golden dragon
 35623 | Depths:3 | Killed a golden dragon
 35676 | Depths:3 | Reached skill level 23 in Fighting
 35762 | Depths:3 | Noticed an ancient lich
 35770 | Depths:3 | Identified the +1 war axe "Sojudan" {freeze, Int+3 Dex+4}
 35781 | Depths:3 | Killed an ancient lich
 35790 | Depths:3 | Received a gift from Okawaru
 36260 | Depths:3 | Reached XP level 22. HP: 135/160 MP: 31/31
 36622 | Depths:4 | Entered Level 4 of the Depths
 36824 | Depths:4 | Received a gift from Okawaru
 36864 | Depths:4 | Found a gate to the Realm of Zot.
 36912 | Depths:4 | Noticed Frederick
 36926 | Depths:4 | Killed Frederick
 36959 | Depths:4 | Noticed Sojobo
 36975 | Depths:4 | Paralysed by an air elemental for 1 turns
 36993 | Depths:4 | Killed Sojobo
 38197 | Vaults:1 | Entered Level 1 of the Vaults
 38295 | Vaults:1 | Reached skill level 1 in Evocations
 38401 | Vaults:1 | Received a gift from Okawaru
 38461 | Vaults:1 | Gained mutation: A frigid envelope surrounds you and
                  | freezes all who hurt you. [a shining eye]
 38487 | Vaults:1 | Identified the +0 short sword "Uzac" {protect, rN+ Will+}
 38493 | Vaults:1 | Identified the +8 hand axe "Xurifer" {heavy, rN++ rCorr
                  | Int-4}
 38776 | Vaults:1 | Reached skill level 24 in Fighting
 38862 | Vaults:1 | Received a gift from Okawaru
 39460 | Vaults:2 | Received a gift from Okawaru
 39482 | Vaults:2 | Found a crumbling gateway.
 39501 | Desolati | Entered the Desolation of Salt
 39523 | Desolati | Reached XP level 23. HP: 167/167 MP: 32/32
 39683 | Desolati | Identified the ring "Sarph" {rF+ rC+}
 39688 | Desolati | Got a mumbling book
 39690 | Desolati | Identified the +0 leather armour "Voskyp" {rCorr Str+3
                  | Int+2}
 39755 | Desolati | Identified the ring of Poimih Husing {rPois rN+ rCorr MP-9
                  | Str+2}
 39852 | Desolati | Reached skill level 5 in Evocations
 39935 | Desolati | Identified the ring "Danyxesy" {rF+ MP+9}
 39973 | Desolati | Identified the +0 chain mail of the Flute {Str+6}
 40121 | Desolati | Received a gift from Okawaru
 40175 | Desolati | Found the +8 autumn katana {manifold assault}
 40220 | Desolati | Got a decrepit book
 41012 | Vaults:2 | Received a gift from Okawaru
 41730 | Vaults:3 | Received a gift from Okawaru
 42068 | Vaults:3 | Reached XP level 24. HP: 175/175 MP: 24/33
 42271 | Vaults:3 | Found a staircase to the Crypt.
 42271 | Vaults:3 | Found an ancient bone altar of Kikubaaqudgha.
 42278 | Vaults:3 | Found a basalt altar of Yredelemnul.
 42333 | Vaults:3 | Reached skill level 25 in Fighting
 42518 | Vaults:3 | Found Hiur's Weapon Shoppe.
 42529 | Vaults:3 | Received a gift from Okawaru
 42942 | Vaults:3 | Upgraded the game from 0.31-a0-876-gfe8ebadbca to
                  | 0.31-a0-879-g1609e0ac53
 43147 | Elf:1    | Entered Level 1 of the Elven Halls
 43170 | Elf:1    | Noticed Nikola
 43184 | Elf:1    | Killed Nikola
 43616 | Elf:1    | Found an ancient bone altar of Kikubaaqudgha.
 43732 | Elf:1    | Got an inconspicuous book
 44334 | Elf:2    | Received a gift from Okawaru
 44432 | Elf:2    | Paralysed by an air elemental for 1 turns
 44496 | Elf:2    | Found Yhepria's Armour Emporium.
 44568 | Elf:2    | Paralysed by an air elemental for 1 turns
 44590 | Elf:2    | Found Xyru's Assorted Antiques.
 44598 | Elf:2    | Bought a potion of curing for 81 gold pieces
 44598 | Elf:2    | Bought a scroll of teleportation for 81 gold pieces
 44598 | Elf:2    | Bought a potion of curing for 81 gold pieces
 44598 | Elf:2    | Bought a potion of haste for 270 gold pieces
 44622 | Elf:2    | Paralysed by an air elemental for 1 turns
 44877 | Elf:2    | Found Ocun's Assorted Antiques.
 44885 | Elf:2    | Bought a scroll of enchant armour for 277 gold pieces
 44885 | Elf:2    | Bought a scroll of enchant armour for 277 gold pieces
 44989 | Elf:2    | Found a runed translucent gate.
 44990 | Elf:2    | Found a runed translucent gate.
 44990 | Elf:2    | Found a runed translucent gate.
 45018 | Elf:3    | Entered Level 3 of the Elven Halls
 45286 | Elf:3    | Noticed Mara
 45306 | Elf:3    | Killed Mara
 45368 | Elf:3    | Noticed Louise
 45391 | Elf:3    | Killed Louise
 45489 | Elf:3    | Reached skill level 10 in Throwing
 45694 | Elf:3    | Identified the +1 ring mail of the Sparrow {Drain rPois
                  | Int-2 Slay+6}
 45719 | Elf:3    | Identified the +1 robe of the Sufficient God {Regen+ Dex+2
                  | Stlth+}
 45719 | Elf:3    | Identified the ring "Tuud" {rElec rPois rC- rCorr Str+6}
 45914 | Elf:3    | Received a gift from Okawaru
 45989 | Elf:3    | Identified the +4 ring mail of the Pleiades {Harm rPois
                  | Will- rCorr}
 46123 | Elf:3    | Identified the +7 orcbow of Oozing Pus {heavy, rC+ Dex+2
                  | Stlth+}
 46141 | Elf:3    | Identified the +2 war axe "Samu Ywk" {heavy, rF+ rCorr
                  | Str+4}
 46156 | Elf:3    | Identified the +1 cloak "Bufi Atz" {rElec rC- rN+++ Int+2}
 46157 | Elf:3    | Identified the staff of the Witching Salmon {rPois Str+3
                  | Poison}
 46483 | Elf:2    | Bought a potion of lignification for 81 gold pieces
 46483 | Elf:2    | Bought a glowing hat for 189 gold pieces
 47194 | Vaults:4 | Reached XP level 25. HP: 182/182 MP: 24/33
 47276 | Vaults:4 | Received a gift from Okawaru
 47561 | Vaults:4 | Reached skill level 10 in Evocations
 47946 | Vaults:5 | Entered Level 5 of the Vaults
 47946 | Vaults:5 | Noticed a dread lich
 47957 | Vaults:4 | Reached skill level 1 in Stealth
 47977 | Vaults:5 | Noticed an ancient lich
 48021 | Vaults:4 | Received a gift from Okawaru
 48022 | Vaults:4 | Killed a dread lich
 48123 | Vaults:5 | Noticed a dread lich
 48138 | Vaults:4 | Reached skill level 5 in Stealth
 48192 | Vaults:5 | Killed a dread lich
 48221 | Vaults:5 | Reached skill level 26 in Fighting
 48272 | Vaults:5 | Received a gift from Okawaru
 48312 | Vaults:5 | Killed an ancient lich
 48324 | Vaults:5 | Noticed an ancient lich
 48595 | Vaults:5 | Identified the +0 rapier of Reason {drain, rN+ Str+3 Dex+2}
 48940 | Vaults:5 | Received a gift from Okawaru
 48955 | Vaults:5 | Noticed a dread lich
 48978 | Vaults:5 | Killed a dread lich
 49138 | Vaults:5 | Noticed an ancient lich
 49152 | Vaults:5 | Killed an ancient lich
 49228 | Vaults:5 | Found Jonivviz's Magic Scroll Boutique.
 49239 | Vaults:5 | Bought a scroll of blinking for 142 gold pieces
 49265 | Vaults:5 | Identified the ring of Jeifizepn {rC+ Str+6 SInv}
 49477 | Vaults:5 | Reached XP level 26. HP: 185/190 MP: 24/33
 49489 | Vaults:5 | Received a gift from Okawaru
 49516 | Vaults:5 | Killed an ancient lich
 49799 | Vaults:5 | Reached skill level 10 in Stealth
 50145 | Vaults:5 | Got a silver rune of Zot
 50511 | Orc:2    | Bought a potion of mutation for 104 gold pieces
 50511 | Orc:2    | Bought a potion of mutation for 104 gold pieces
 50511 | Orc:2    | Bought a potion of curing for 39 gold pieces
 50511 | Orc:2    | Bought a potion of curing for 39 gold pieces
 50511 | Orc:2    | Bought a potion of curing for 39 gold pieces
 50516 | Orc:2    | Lost mutation: A frigid envelope surrounds you and freezes
                  | all who hurt you. [potion of mutation]
 50516 | Orc:2    | Gained mutation: You have a pair of small horns on your
                  | head. [potion of mutation]
 50516 | Orc:2    | Gained mutation: Your spells are a little harder to cast,
                  | but a little more powerful. [potion of mutation]
 50516 | Orc:2    | Gained mutation: Your natural rate of healing is unusually
                  | fast. [potion of mutation]
 50517 | Orc:2    | Lost mutation: Your natural rate of healing is unusually
                  | fast. [potion of mutation]
 50517 | Orc:2    | Lost mutation: You have a pair of small horns on your head.
                  | [potion of mutation]
 50517 | Orc:2    | Gained mutation: Your flesh is heat resistant. (rF+)
                  | [potion of mutation]
 50517 | Orc:2    | Lost mutation: Your flesh is heat resistant. (rF+) [potion
                  | of mutation]
 50518 | Orc:2    | Lost mutation: Your spells are a little harder to cast, but
                  | a little more powerful. [potion of mutation]
 50518 | Orc:2    | Gained mutation: You have a pair of small horns on your
                  | head. [potion of mutation]
 50518 | Orc:2    | Gained mutation: You are frail. (-10% HP) [potion of
                  | mutation]
 50519 | Orc:2    | Lost mutation: You have a pair of small horns on your head.
                  | [potion of mutation]
 50519 | Orc:2    | Lost mutation: You are frail. (-10% HP) [potion of
                  | mutation]
 50519 | Orc:2    | Gained mutation: You are somewhat resistant to further
                  | mutation. [potion of mutation]
 50520 | Orc:2    | Lost mutation: You are somewhat resistant to further
                  | mutation. [potion of mutation]
 50520 | Orc:2    | Gained mutation: You are somewhat resistant to further
                  | mutation. [potion of mutation]
 50520 | Orc:2    | Gained mutation: You have a pair of small horns on your
                  | head. [potion of mutation]
 50522 | Orc:2    | Lost mutation: You have a pair of small horns on your head.
                  | [potion of mutation]
 50522 | Orc:2    | Lost mutation: You are somewhat resistant to further
                  | mutation. [potion of mutation]
 50522 | Orc:2    | Gained mutation: You have hidden genetic defects. [potion
                  | of mutation]
 50522 | Orc:2    | Gained mutation: Armour fits poorly on your strangely
                  | shaped body. [potion of mutation]
 50522 | Orc:2    | Gained mutation: Your muscles are strong. (Str +4, Int/Dex
                  | -1) [potion of mutation]
 50522 | Orc:2    | Gained mutation: You have a pair of small horns on your
                  | head. [potion of mutation]
 50523 | Orc:2    | Lost mutation: Armour fits poorly on your strangely shaped
                  | body. [potion of mutation]
 50523 | Orc:2    | Lost mutation: You have hidden genetic defects. [potion of
                  | mutation]
 50523 | Orc:2    | Lost mutation: Your muscles are strong. (Str +4, Int/Dex
                  | -1) [potion of mutation]
 50523 | Orc:2    | Gained mutation: You are clumsy. (Dex -2) [potion of
                  | mutation]
 50523 | Orc:2    | Gained mutation: You occasionally shout uncontrollably at
                  | your foes. [potion of mutation]
 50523 | Orc:2    | Gained mutation: Your mind is acute. (Int +4, Str/Dex -1)
                  | [potion of mutation]
 50602 | Orc:2    | Killed Joey1's ghost
 51203 | Depths:4 | Reached skill level 15 in Invocations
 51517 | Crypt:1  | Entered Level 1 of the Crypt
 52491 | Crypt:2  | Noticed an ancient lich
 52528 | Crypt:2  | Killed an ancient lich
 52536 | Crypt:2  | Received a gift from Okawaru
 52605 | Crypt:2  | Noticed Zenata
 52654 | Crypt:2  | Killed Zenata
 53107 | Crypt:3  | Entered Level 3 of the Crypt
 53174 | Crypt:3  | Noticed Jory
 53208 | Crypt:3  | Killed Jory
 53356 | Crypt:3  | Received a gift from Okawaru
 53410 | Crypt:3  | Noticed Bai Suzhen
 53424 | Crypt:3  | Killed Bai Suzhen
 53427 | Crypt:3  | Found a basalt altar of Yredelemnul.
 53711 | Crypt:3  | Found the +6 Majin-Bo {spellvamp, MP+6 Int+6}
 53792 | Crypt:3  | Reached skill level 15 in Throwing
 53836 | Crypt:3  | Found a staircase to the Tomb.
 53846 | Crypt:3  | Received a gift from Okawaru
 54018 | Crypt:3  | Identified the ring of Biqic {rPois rF+ rC- rN+}
 54018 | Crypt:3  | Identified the ring "Amiez" {rC+ rN+ rCorr Str-3}
 54244 | Crypt:3  | Reached skill level 27 in Fighting
 54790 | Zot:1    | Entered Level 1 of the Realm of Zot
 54835 | Zot:1    | Reached XP level 27. HP: 199/199 MP: 26/35
 55139 | Zot:1    | Received a gift from Okawaru
 55756 | Zot:2    | Reached skill level 10 in Shields
 55863 | Zot:2    | Noticed an orb of fire
 55879 | Zot:2    | Found the +4 dragonskin cloak
 55879 | Zot:2    | Noticed Tiamat
 55884 | Zot:2    | Killed an orb of fire
 55896 | Zot:2    | Reached skill level 15 in Stealth
 55952 | Zot:2    | Killed Tiamat
 56217 | Zot:2    | You are sucked into a shaft and drop 2 floors!
 56454 | Zot:4    | Received a gift from Okawaru
 56504 | Zot:4    | Found a transporter.
 57208 | Zot:3    | Received a gift from Okawaru
 58453 | Zot:4    | Found a transporter.
 58748 | Zot:5    | Entered Level 5 of the Realm of Zot
 58754 | Zot:5    | Identified the +7 flail of Malum In Se {protect, rF+}
 58933 | Zot:5    | Received a gift from Okawaru
 59098 | Zot:5    | Noticed an orb of fire
 59105 | Zot:5    | Gained mutation: Your magical capacity is low. (-10% MP)
                  | [an orb of fire]
 59132 | Zot:5    | Noticed a dread lich
 59133 | Zot:5    | Killed an orb of fire
 59144 | Zot:5    | Noticed an orb of fire
 59149 | Zot:5    | Killed a dread lich
 59150 | Zot:5    | Reached skill level 15 in Shields
 59155 | Zot:5    | Noticed an orb of fire
 59175 | Zot:5    | Gained mutation: Armour fits poorly on your strangely
                  | shaped body. [an orb of fire]
 59180 | Zot:5    | Gained mutation: You are weak. (Str -2) [an orb of fire]
 59181 | Zot:5    | Lost mutation: Your magical capacity is low. (-10% MP) [an
                  | orb of fire]
 59182 | Zot:5    | Gained mutation: You are frail. (-10% HP) [an orb of fire]
 59190 | Zot:5    | Killed an orb of fire
 59194 | Zot:5    | Gained mutation: You are very weak. (Str -4) [an orb of
                  | fire]
 59199 | Zot:5    | Gained mutation: Your spells are a little easier to cast,
                  | but a little less powerful. [an orb of fire]
 59205 | Zot:5    | Killed an orb of fire
 59796 | Zot:5    | Received a gift from Okawaru
 60310 | Zot:5    | Got the Orb of Zot
 60324 | Zot:5    | Noticed a seraph
 60900 | D:$      | Escaped with the Orb!

Illustrated notes

Levels and vault maps discovered:
D:1:      elethiomel_arrival_infinity_welcomes_careful_drivers, layout_rooms,
          hellmonk_ecumenical_altar_heavens_door
D:2:      layout_basic, supply_closet_lemuel
D:3:      layout_basic, uniq_terence
D:4:      wad_river_or_something, layout_basic, grunt_temple_overflow_open,
          temple_doors_e, uniq_pargi
D:5:      layout_cave_pools, saegor_snake_ambush, uniq_duvessa, uniq_ijyb
D:6:      layout_basic, tgw_kikubaaqudgha, uniq_jeremiah
D:7:      layout_gridville
D:8:      layout_loops_cross, nicolae_yredelemnul_ghost_church,
          lair_entry_dummy, hangedman_incinerator
D:9:      layout_long_grid, led_sif_book, grunt_dithmenos_smoke_and_mirrors,
          enter_bailey_4, minivault_16
D:10:     layout_loops_ring, nicolae_overflow_crystal_walls, minivault_16
D:11:     layout_cave_pools, uniq_sonja
D:12:     layout_stronghold, orc_0_dummy
D:13:     minmay_the_grid_4x2 [minmay_the_grid_minigrid_small,
          minmay_the_grid_slots, minmay_the_grid_minigrid_medium,
          minmay_the_grid_gridbox, minmay_the_grid_spin_star,
          minmay_the_grid_minigrid_small_alt, minmay_the_grid_odd_star,
          minmay_the_grid_prize_big_room], layout_basic, serial_aquarium,
          aquarium_bridge_long_separate [aquarium_subvault_bridge,
          aquarium_subvault_window, aquarium_subvault_bridge,
          aquarium_subvault_wall, aquarium_subvault_bridge,
          aquarium_subvault_wall], aquarium_window_2, aquarium_window_2,
          aquarium_window_1, aquarium_window_2, aquarium_view_2c,
          aquarium_view_2c, aquarium_pool_corner
D:14:     layout_roguey, erik_vaults_1, uniq_azrael
D:15:     hangedman_depths_entry_civil_slaughter, layout_loops_ring,
          roderic_lattice_a
Lair:1:   layout_roguey, pdpol_lair_cavern_descent, serial_bayou_shore_b
Lair:2:   layout_cave_pods, spider_nest_entry_a, grunt_megastairs_2, uniq_maggie
Lair:3:   mu_elephants_graveyard, layout_layer_cave, nicolae_shoals_entry_roost,
          enter_volcano_1
Lair:4:   layout_hall_layers, ebering_ghost_xom, uniq_josephine
Lair:5:   grunt_lair_end_beastmaster, layout_regular_city,
          minmay_slime_entry_jelly_boxes
Shoals:1: layout_shoals, hellmonk_ghost_happy_afterlife, st_sunken_temple
Shoals:2: layout_shoals, nicolae_shoals_c_island, uniq_mlioglotl
Shoals:3: gammafunk_sealed_arena, layout_shoals
Shoals:4: shoals_end_grunt_ice, layout_shoals
Spider:1: nicolae_spider_hall_of_the_moth_king
Spider:2: layout_spider_delve, uniq_agnes
Spider:3: layout_spider_delve
Spider:4: spider_rune_water, uniq_donald
Orc:1:    layout_caves, uniq_jorgrun, uniq_fannar, uniq_erolcha
Orc:2:    st_orc_pillars, layout_caves, serial_shops, shop,
          gammafunk_ghost_grave
Elf:1:    layout_loops_corners, basic_altar, minmay_elf_necromancy, uniq_nikola
Elf:2:    nicolae_elf_blades_crystal_corner, layout_loops_corners, serial_shops,
          shop, nicolae_shop_back_alley_shop, shop
Elf:3:    minmay_elf_hall_curves, layout_geoelf_grid, uniq_mara, uniq_louise
Vaults:1: nicolae_vaults_three_branches, nicolae_vaults_little_squares_1,
          dpeg_vaults_waves, nicolae_vaults_little_squares_6,
          nicolae_vaults_wrenched, ontoclasm_vaults_eye,
          nicolae_vaults_mini_display_case, vaults_dpeg_emergency_exit,
          nicolae_vaults_back_hallway, v_misc_12, grunt_vaults_hallway_short,
          layout_vaults_maze_snakey
Vaults:2: portal_desolation_entry_garden, hangedman_vaults_restitches,
          v_rooms_6, v_misc_11, v_alt_pattern_1, v_rooms_6,
          vaults_room_large_hall, st_spiral_rooms, nicolae_vaults_trapezoid_1,
          nicolae_vaults_shelves_hall, layout_vaults_ring
Vaults:3: nicolae_vaults_twisting_passages, hangedman_vaults_restitches,
          nicolae_vaults_triangles, hangedman_vaults_restitches, v_misc_26,
          nicolae_vaults_taking_the_gang_shopping, v_misc_24,
          nicolae_vaults_trapezoid_lopsided_1, v_misc_16,
          nicolae_vaults_trapezoid_4, minmay_crypt_entry_necro_gods,
          layout_vaults_big_room, uniq_margery
Vaults:4: nicolae_vaults_surprise_closet, hangedman_vaults_stretched_pinwheel,
          nicolae_vaults_diamond_1, v_pattern_2, grunt_vaults_hallway_short,
          vaults_standard_mumra_enter_the_diamond, vaults_dpeg_cross,
          nicolae_vaults_sesquioval_fish, hangedman_vaults_stretched_pinwheel,
          layout_vaults_quadrants
Vaults:5: serial_shops
Crypt:1:  layout_gridlike, fountainhead
Crypt:2:  layout_basic, uniq_zenata
Crypt:3:  grunt_crypt_end_deaths_head, uniq_bai_suzhen, uniq_jory
Depths:1: layout_honeycomb, hellmouth_3, lemuel_tele_altar, serial_shops,
          bzr_entry_road, rand_demon_pan_entry_3, trog_three_pillars_becter
Depths:2: minmay_skeleton_keep, layout_honeycomb, enter_ziggurat_d,
          rand_demon_pan_entry_8, hell_entry, serial_shops,
          kennysheep_little_box, small_statue_intersection, fedhas_altar_2,
          minmay_staircase_windowed_small, uniq_josephina
Depths:3: kennysheep_oblong_rooms, layout_cave_shapes, hellmouth_1, abyss_entry,
          serial_rivers, chequers_serial_rivers_micro_b,
          chequers_serial_rivers_small_a, chequers_serial_rivers_small_b,
          chequers_serial_rivers_small_b, serial_sigils_hangedman_scar,
          rand_demon_pan_entry_4
Depths:4: evilmike_zot_entry_argh, layout_cave_shapes,
          hangedman_decor_peaks_small, hell_entry, grunt_pan_entry_sceptre,
          uniq_frederick, uniq_sojobo
Zot:1:    layout_basic, grunt_megastairs_3
Zot:2:    layout_basic, lemuel_elevator, uniq_tiamat
Zot:3:    layout_onion, st_stairs_11, grunt_megastairs_5
Zot:4:    layout_basic, drop_trap, nicolae_diode_stairs, grunt_megastairs_1
Zot:5:    layout_basic

Skill      XL: |  1  2  3  4  5  6  7  8  9 10 11 12 13 14 15 16 17 18 19 20 21 22 23 24 25 26 27 |
---------------+----------------------------------------------------------------------------------+-----
Axes           | 2 3 4 5 6 7 9 11 13 15 16 17 18 | 18.0
Fighting       | 4 5 6 7 8 10 12 13 14 15 16 18 19 20 21 23 24 25 26 27 | 27.0
Invocations    | 1 3 4 6 8 9 11 12 14 17 21 | 21.2
Dodging        | 1 2 3 4 6 11 12 13 14 | 14.0
Armour         | 4 6 8 11 13 15 16 17 18 20 21 22 23 24 26 | 26.5
Shields        | 4 5 6 8 15 | 15.0
Throwing       | 3 5 7 8 11 13 15 | 15.2
Evocations     | 4 7 9 11 | 11.0
Stealth        | 9 14 16 | 16.4

Action                     |  1- 3 |  4- 6 |  7- 9 | 10-12 | 13-15 | 16-18 | 19-21 | 22-24 | 25-27 || total
---------------------------+-------+-------+-------+-------+-------+-------+-------+-------+-------++-------
  Melee: War axe           |    81 |   147 |   106 |       |       |       |       |       |       ||   334
         Broad axe         |       |       |   113 |   304 |  1132 |  1174 |  1949 |  1921 |  2768 ||  9361
         Flail             |       |       |       |    12 |       |       |       |       |       ||    12
         Demon whip        |       |       |       |       |       |    15 |       |       |       ||    15
         Headbutt          |       |       |       |       |       |       |       |       |   649 ||   649
  Throw: Javelin           |       |       |       |     1 |       |       |       |       |       ||     1
 Invoke: Heroism           |       |       |       |     2 |       |     1 |     2 |     2 |     8 ||    15
         Receive Armour    |       |       |       |     1 |       |       |       |       |       ||     1
         Receive Weapon    |       |       |       |       |     1 |       |       |       |       ||     1
         Finesse           |       |       |       |       |       |       |       |       |     4 ||     4
  Evoke: Wand              |       |     1 |     1 |       |       |       |     3 |       |     3 ||     8
         Condenser vane    |       |       |       |       |       |       |       |       |     6 ||     6
         Lightning rod     |       |       |       |       |       |       |       |       |     1 ||     1
    Use: Scroll            |       |       |    12 |     5 |    10 |    11 |     5 |     4 |     8 ||    55
         Potion            |       |       |     1 |       |       |     1 |       |       |    13 ||    15
   Stab: Paralysed         |       |     3 |       |       |       |       |     3 |       |       ||     6
         Distracted        |       |       |       |       |       |       |       |       |     2 ||     2
 Armour: Scale mail        |     9 |       |       |       |       |       |       |       |       ||     9
         Chain mail        |    85 |   126 |       |       |       |       |       |       |       ||   211
         Plate armour      |       |    17 |   188 |   201 |       |       |       |       |       ||   406
         Crystal plate arm |       |       |       |    43 |   706 |  1169 |  1542 |  1165 |  1780 ||  6405
  Dodge: Dodged            |    56 |    56 |    63 |    73 |   158 |   299 |   514 |   527 |   653 ||  2399
         Repelled          |       |       |       |       |       |       |     2 |    19 |    20 ||    41
  Block: Buckler           |    32 |    38 |    39 |    96 |   289 |   216 |   439 |   374 |   670 ||  2193
         Reflection        |       |       |       |       |     5 |       |       |       |       ||     5

Table legend: (Time is in decaauts)
 A = Elapsed time spent in this place.
 B = Non-inter-level travel time spent in this place.
 C = Inter-level travel time spent in this place.
 D = Time resting spent in this place.
 E = Time spent auto-exploring this place.
 F = Levels seen in this place.
 G = Mean time per level.
                   A        B        C        D        E       F      G
               +--------+--------+--------+--------+--------+-----+--------+
         Total |  56306 |  50303 |   6003 |   4956 |  33031 |  54 | 1042.7 |
       Dungeon |  14448 |  12052 |   2396 |    645 |   9110 |  15 |  963.2 |
          Lair |   6685 |   6110 |    575 |    584 |   4429 |   5 | 1337.0 |
        Shoals |   4457 |   4145 |    312 |    414 |   2639 |   4 | 1114.2 |
   Spider Nest |   3827 |   3418 |    409 |    499 |   1976 |   4 |  956.8 |
  Orcish Mines |   1648 |   1470 |    178 |     46 |   1034 |   2 |  824.0 |
   Elven Halls |   3144 |   3004 |    140 |    352 |   1857 |   3 | 1048.0 |
        Vaults |   7024 |   6256 |    768 |    606 |   4025 |   5 | 1404.8 |
         Crypt |   2594 |   2437 |    157 |     43 |   1726 |   3 |  864.7 |
        Depths |   6014 |   5230 |    784 |    880 |   2595 |   4 | 1503.5 |
           Zot |   4945 |   4664 |    281 |    782 |   2837 |   5 |  989.0 |
        Bazaar |     32 |     32 |      0 |      0 |     27 |   1 |   32.0 |
        Bailey |    184 |    184 |      0 |     29 |     76 |   1 |  184.0 |
       Volcano |    483 |    483 |      0 |     76 |    307 |   1 |  483.0 |
    Desolation |    816 |    816 |      0 |      0 |    391 |   1 |  816.0 |
               +--------+--------+--------+--------+--------+-----+--------+

Top non-repeatable levels by time:
Depths:2: 1970 daAuts
Vaults:5: 1842 daAuts
  Lair:5: 1576 daAuts
  Lair:1: 1547 daAuts
Depths:3: 1510 daAuts
    D:12: 1480 daAuts
Depths:1: 1359 daAuts
     D:8: 1350 daAuts
  Lair:3: 1324 daAuts
   Elf:3: 1323 daAuts
Vaults:2: 1323 daAuts
Vaults:4: 1308 daAuts
  Lair:2: 1303 daAuts
     D:4: 1282 daAuts
Vaults:3: 1277 daAuts
